 Dungeon Crawl Stone Soup version 0.17.0-28-g6e173f8 (webtiles) character file.

6560 M4edhros the Covert (level 11, -11/63 HPs)
             Began as an Octopode Wanderer on Nov 26, 2015.
             Was a Believer of Fedhas.
             Blown up by an orb spider (shapeshifter) (45 damage)
             ... with an orb of destruction
             ... on level 9 of the Dungeon.
             The game lasted 00:29:20 (8761 turns).

M4edhros the Covert (Octopode Wanderer)             Turns: 8761, Time: 00:29:21

Health: -11/63     AC:  3    Str: 10    XL:     11   Next: 1%
Magic:  13/13      EV: 15    Int: 16    God:    Fedhas [**....]
Gold:   398        SH: 10    Dex: 15    Spells: 0 memorised, 16 levels left

rFire  . . .     SeeInvis .     u - +5 short sword (venom)
rCold  . . .     Clarity  .     j - +0 shield
rNeg   + . .     SustAt   .     (helmet restricted)
rPois  .         Gourm    .     H - amulet of rage
rElec  .         Spirit   .     i - ring of positive energy
rCorr  .         Warding  .     p - ring of protection from magic
rMut   .         Stasis   .     N - ring of stealth
MR     +....                    (no ring)
Stlth  ++++++++..               (no ring)
                                (no ring)
                                (no ring)
                                (no ring)

@: somewhat resistant to hostile enchantments, extraordinarily stealthy
A: almost no armour, amphibious, 8 rings, constrict 8, fangs 1, slimy green
scales 1, camouflage 1, low mp 1, regeneration 1, spit poison 1, gelatinous body
1
a: Spit Poison, Evolution, Sunlight, Renounce Religion, Evoke Berserk Rage


You were on level 9 of the Dungeon.
You worshipped Fedhas.
Fedhas was pleased with you.
You were not hungry.

You visited 1 branch of the dungeon, and saw 9 of its levels.

You collected 456 gold pieces.
You spent 58 gold pieces at shops.

Inventory:

Hand Weapons
 c - a +0 blowgun
 n - a +2 dagger of protection
 u - a +5 short sword of venom (weapon)
 w - a +1 hunting sling
Missiles
 l - 257 stones (quivered)
 s - a throwing net
 v - 5 poisoned sling bullets
 y - 28 sling bullets
 E - 24 poisoned needles
Armour
 j - a +0 shield (worn)
Rods
 J - a +0 rod of clouds (9/14)
   (You found it on level 9 of the Dungeon)
Jewellery
 h - an uncursed amulet of resist mutation
 i - a ring of positive energy (left tentacle)
 m - an uncursed ring of protection from cold {unknown}
 p - a ring of protection from magic (right tentacle)
 H - an amulet of rage (around mantle)
 L - an uncursed amulet of regeneration {unknown}
 N - a ring of stealth (on tentacle)
Wands
 f - a wand of confusion (17)
 t - a wand of enslavement (12)
 F - a wand of disintegration (13)
 G - a wand of enslavement (15)
Scrolls
 b - 2 scrolls of fear
 e - a scroll of enchant armour
 g - 3 scrolls of remove curse
 o - 2 scrolls of teleportation
 A - a scroll of immolation
 B - a scroll of noise
 C - a scroll of magic mapping
 O - 2 scrolls of amnesia {unknown}
Potions
 a - 2 potions of heal wounds
 q - a potion of brilliance
 x - a potion of agility
 z - 8 potions of curing
 D - a potion of beneficial mutation
 K - a potion of lignification
 M - 3 potions of flight
Books
 r - a book of Maledictions

   Spells                             Type                      Level
   a - Corona                         Hexes                        1
   b - Ensorcelled Hibernation        Hexes/Ice                    2
   c - Confuse                        Hexes                        3
   d - Tukima's Dance                 Hexes                        3
   e - Dazzling Spray                 Conjuration/Hexes            3
Comestibles
 d - 5 bread rations
 k - 10 fruits
 I - a royal jelly


   Skills:
 + Level 1.6 Fighting
 - Level 2.0 Short Blades
 + Level 7.3 Slings
 + Level 7.0 Dodging
 + Level 13.9 Stealth
 + Level 7.1 Shields
 - Level 3.0 Spellcasting
 * Level 3.0 Invocations
 * Level 3.1 Evocations


You had 16 spell levels left.
You didn't know any spells.

Dungeon Overview and Level Annotations

Branches:
Dungeon (9/15)             Temple (0/1) D:5            Lair (0/8) D:9
    Orc: D:9-12

Altars:
Fedhas
Gozag
Kikubaaqudgha
Qazlal
Ru
Xom

Shops:
D:5 %   D:6 ?


Innate Abilities, Weirdness & Mutations

You cannot wear most types of armour.
You are amphibious.
You can wear up to eight rings at the same time.
You can use your tentacles to constrict eight enemies at once.
Your skin changes colour to match your surroundings (Stealth).
Your rubbery body absorbs attacks (AC +1).
You have very sharp teeth.
You are partially covered in slimy green scales (AC +2).
Your magical capacity is low (-10% MP).
Your natural rate of healing is unusually fast.
You can spit weak poison.


Message History

The two-headed ogre changes into an orb spider!
Okay, then.
Unknown command.
Drink which item? (? for menu, Esc to quit)
Okay, then.
The orb spider pulsates with a strange energy.
You see here a quokka skeleton.
Things that are here:
a battleaxe; a plate armour Put on which piece of jewellery? (? for menu, Esc to quit)
N - a ring of stealth (on tentacle)
Okay, then.
You see here a bronze ring.
m - a bronze ring The orb spider weaves a glowing orb of energy.
The orb spider begins to weave its threads into a brightly glowing ball.
The orb of destruction hits you!
Ouch! That really hurt!
You die...
Fedhas appreciates your contribution to the ecosystem.

#####....#..# #...#.#.
#}...........# #.......
#......##....# #.#<....
#......##.)..####'#.....
#......(..s.............
#....#...§#÷..(.........
.........§#.f).......##.
.##....§.#[............
.##...@.f#.............
..
..........#............#
#####..
#....######............#
)...... .....
.....####s.....# ..)...#
.... ............≈≈.#
......# ...
....#####..)..≈# .......
. ..[.# #...÷(≈# ....#..
..#..####...≈.≈# .......
#..........(.#


You could see an orb spider shaped shifter and a friendly wandering mushroom.

Vanquished Creatures
  A hydra (D:9)
  An ugly thing (D:9)
  Maurice (D:8)
  A tarantella (shapeshifter) (D:9)
  2 hungry ghosts
  2 wyverns
  A yak (D:7)
  A hippogriff (D:7)
  2 sky beasts
  A phantom (D:8)
  4 ice beasts
  A black bear (D:8)
  2 ogres
  5 centaurs
  4 giant frogs
  Dowan (D:4)
  3 scorpions
  A killer bee (D:7)
  A wight (D:9)
  5 crimson imps
  2 orc priests (D:9)
  A centaur skeleton (D:9)
  2 hounds
  2 giant frog skeletons
  7 orc wizards
  4 iguanas
  6 worker ants
  3 hound skeletons
  10 adders
  6 gnolls
  2 oozes
  2 worms (D:3)
  An adder skeleton (D:7)
  8 giant geckos
  19 orcs
  6 bats
  5 giant cockroaches
  9 goblins
  3 hobgoblins
  7 jackals
  2 ball pythons
  A giant gecko skeleton (D:4)
  3 giant newts
  12 kobolds
  3 quokkas
  A quokka skeleton (D:7)
  A quokka zombie (D:9)
  8 rats
176 creatures vanquished.

Vanquished Creatures (collateral kills)
  Joseph (D:7)
  2 wandering mushrooms (D:9)
  4 yaks (D:7)
  A vampire mosquito (D:9)
  Menkaure (D:7)
  Duvessa (D:4)
  An ice beast (D:7)
  2 ogres (D:7)
  2 orc warriors
  A centaur (D:7)
  A big kobold (D:7)
  2 giant frogs (D:9)
  A wyvern skeleton (D:9)
  2 killer bees (D:7)
  10 wights
  A giant frog zombie (D:9)
  2 hounds (D:7)
  An orc priest (D:5)
  2 worker ants
  A hound zombie (D:5)
  An ooze (D:4)
  2 orcs
  A jackal (D:7)
  2 kobolds (D:7)
  A giant gecko skeleton (D:7)
46 creatures vanquished.

Vanquished Creatures (others)
  A killer bee zombie (D:5)
  A worker ant zombie (D:9)
  11 wandering mushrooms
  134 toadstools
147 creatures vanquished.

Grand Total: 369 creatures vanquished

Notes
Turn   | Place    | Note
--------------------------------------------------------------
     0 | D:1      | M4edhros the Octopode Wanderer began the quest for the Orb.
     0 | D:1      | M4edhros set off with: a +2 dagger, a scroll of fear, a +0 short sword, a bread ration
     0 | D:1      | Reached XP level 1. HP: 11/11 MP: 4/4
   743 | D:2      | Gained mutation: You tend to lose your temper in combat. [potion of mutation]
   743 | D:2      | Gained mutation: You can breathe flames. [potion of mutation]
   743 | D:2      | Gained mutation: You have very sharp teeth. [potion of mutation]
   745 | D:2      | Gained mutation: You expend magic power (3 MP) to strengthen your wands. [potion of mutation]
   745 | D:2      | Gained mutation: You are agile. (Dex +2) [potion of mutation]
   745 | D:2      | Gained mutation: You are partially covered in thin metallic scales (AC +2). [potion of mutation]
   747 | D:2      | Reached skill level 6 in Stealth
   747 | D:2      | Reached XP level 2. HP: 7/17 MP: 6/6
  1051 | D:3      | Reached skill level 7 in Stealth
  1051 | D:3      | Reached XP level 3. HP: 16/21 MP: 7/7
  1056 | D:3      | Lost mutation: You are partially covered in thin metallic scales (AC +2). [potion of cure mutation]
  1056 | D:3      | Lost mutation: You expend magic power (3 MP) to strengthen your wands. [potion of cure mutation]
  1056 | D:3      | Lost mutation: You tend to lose your temper in combat. [potion of cure mutation]
  1056 | D:3      | Lost mutation: You can breathe flames. [potion of cure mutation]
  1056 | D:3      | Lost mutation: You are agile. (Dex +2) [potion of cure mutation]
  1065 | D:3      | Found a blossoming altar of Fedhas.
  1069 | D:3      | Found a stormy altar of Qazlal.
  1084 | D:3      | Reached XP level 4. HP: 19/27 MP: 8/8
  1092 | D:3      | Reached skill level 8 in Stealth
  1100 | D:3      | Became a worshipper of Fedhas Madash
  1454 | D:2      | Found a sacrificial altar of Ru.
  1805 | D:2      | Reached XP level 5. HP: 28/31 MP: 9/9
  1912 | D:3      | Reached * piety under Fedhas
  1964 | D:3      | Reached skill level 9 in Stealth
  2531 | D:4      | Noticed Duvessa
  2532 | D:4      | Noticed Dowan
  2540 | D:4      | Killed Duvessa
  2540 | D:4      | Reached skill level 10 in Stealth
  2540 | D:4      | Reached XP level 6. HP: 36/36 MP: 10/10
  2552 | D:4      | Killed Dowan
  2671 | D:4      | Noticed an ogre
  2674 | D:4      | Killed an ogre
  2674 | D:4      | Reached skill level 1 in Shields
  2683 | D:4      | Reached skill level 1 in Slings
  2683 | D:4      | Reached XP level 7. HP: 38/41 MP: 11/11
  2952 | D:5      | Entered Level 5 of the Dungeon
  3105 | D:5      | Gained mutation: You are partially covered in slimy green scales (AC +2). [mutagenic meat]
  3131 | D:5      | Reached skill level 11 in Stealth
  3420 | D:5      | Found a shimmering altar of Xom.
  3420 | D:5      | Found a shimmering altar of Xom.
  3420 | D:5      | Found a shimmering altar of Xom.
  3421 | D:5      | Found a shimmering altar of Xom.
  3439 | D:5      | Reached ** piety under Fedhas
  3488 | D:5      | Found Tudanec's Food Shoppe.
  3488 | D:5      | Noticed a hungry ghost
  3498 | D:5      | Killed a hungry ghost
  3498 | D:5      | Reached XP level 8. HP: 46/46 MP: 12/12
  3500 | D:5      | Bought 3 fruits for 58 gold pieces
  3872 | D:5      | Found a staircase to the Ecumenical Temple.
  4163 | D:6      | Found Godamouh's Magic Scroll Emporium.
  4624 | D:7      | Reached skill level 12 in Stealth
  4749 | D:7      | Noticed Joseph
  4767 | D:7      | Killed Joseph
  4767 | D:7      | Reached XP level 9. HP: 11/51 MP: 13/13
  4986 | D:7      | Reached skill level 5 in Slings
  5008 | D:7      | Reached skill level 5 in Dodging
  5494 | D:7      | Reached skill level 5 in Shields
  5556 | D:7      | Noticed Menkaure
  5570 | D:7      | Killed Menkaure
  6881 | D:8      | Reached *** piety under Fedhas
  7078 | D:8      | Noticed Maurice
  7119 | D:8      | Reached skill level 13 in Stealth
  7165 | D:8      | Reached XP level 10. HP: 56/56 MP: 14/14
  7169 | D:8      | Gained mutation: You can spit weak poison. [mutagenic meat]
  7170 | D:8      | Gained mutation: Your natural rate of healing is unusually fast. [mutagenic meat]
  7171 | D:8      | Gained mutation: Your magical capacity is low (-10% MP). [mutagenic meat]
  7197 | D:8      | Found an opulent altar of Gozag.
  7498 | D:8      | Killed Maurice
  7884 | D:9      | Found a staircase to the Lair.
  7966 | D:9      | Noticed a guardian serpent
  7979 | D:9      | Noticed a lindwurm
  7979 | D:9      | a guardian serpent changed into a lindwurm
  7980 | D:9      | Found an ancient bone altar of Kikubaaqudgha.
  8174 | D:9      | Identified a +0 rod of clouds (14/14) (You found it on level 9 of the Dungeon)
  8417 | D:9      | Reached skill level 1 in Invocations
  8421 | D:9      | Reached skill level 1 in Evocations
  8552 | D:9      | Noticed a six-headed hydra
  8580 | D:9      | Killed a six-headed hydra
  8580 | D:9      | Reached skill level 1 in Fighting
  8600 | D:9      | Noticed a green ugly thing
  8618 | D:9      | Killed a green ugly thing
  8642 | D:9      | Reached XP level 11. HP: 60/63 MP: 13/13
  8749 | D:9      | Noticed an orb spider
  8749 | D:9      | a two-headed ogre changed into an orb spider
  8761 | D:9      | Blown up by an orb spider (shapeshifter)

Action                   |  1- 3 |  4- 6 |  7- 9 | 10-12 || total
-------------------------+-------+-------+-------+-------++-------
Melee: Dagger            |    57 |   102 |     6 |       ||   165
       Short sword       |       |     5 |    57 |   120 ||   182
 Fire: Hunting sling     |       |       |   234 |    15 ||   249
       Blowgun           |       |       |       |     4 ||     4
Invok: Evolution         |       |     2 |     4 |     8 ||    14
       Sunlight          |       |       |       |     1 ||     1
 Abil: Breathe Fire      |     1 |       |       |       ||     1
Evoke: Wand              |     2 |       |       |     1 ||     3
       Rod               |       |       |       |     4 ||     4
  Use: Potion            |     6 |       |     7 |       ||    13
       Scroll            |     2 |       |    10 |     3 ||    15
 Stab: Sleeping          |     5 |    18 |    25 |    21 ||    69
       Distracted        |     1 |       |       |     1 ||     2
       Confused          |       |     2 |     1 |       ||     3
  Eat: Bread ration      |       |     1 |     2 |       ||     3
       Chunk             |       |       |     2 |     5 ||     7
       Meat ration       |       |       |     1 |     2 ||     3
